 Dungeon Crawl Stone Soup version 0.30-b1-2-g02819fbbbe (webtiles) character file.

Game seed: 13478979234880991913

38124 Metae the Fighter (level 13, -8/119 HPs)
             Began as a Minotaur Fighter on June 27, 2023.
             Was the Champion of Uskayaw.
             Mangled by a tyrant leech (28 damage)
             ... on level 5 of the Lair of Beasts.
             The game lasted 00:52:01 (15198 turns).

Metae the Fighter (Minotaur Fighter)               Turns: 15198, Time: 00:52:02

Health: -8/119     AC: 15    Str: 25    XL:     13   Next: 62%
Magic:  24/27      EV: 17    Int:  5    God:    Uskayaw [******]
Gold:   635        SH: 18    Dex: 17    Spells: 12/12 levels left

rFire   . . .        L - +9 rapier of Ymaus {flame, rElec MP+9 Dex+5}
rCold   + + .        D - +0 kite shield
rNeg    . . .        p - +0 ring mail "Vietzy" {rC++ rCorr Dex-2}
rPois   +            (helmet restricted)
rElec   +            T - +1 cloak
rCorr   +            k - +0 pair of gloves
SInv    .            (no boots)
Will    .....        q - amulet of reflection
Stlth   +            K - ring of poison resistance
HPRegen 0.39/turn    b - ring "Hero's Friend" {AC+4 Dex+3}
MPRegen 0.20/turn

%: reflection
@: no status effects
A: horns 2, retaliatory headbutt
a: Renounce Religion, Stomp, Line Pass, Grand Finale


You were on level 5 of the Lair of Beasts.
You worshipped Uskayaw.
Uskayaw was aware of your devotion.
You visited 3 branches of the dungeon, and saw 14 of its levels.

You collected 1036 gold pieces.
You spent 401 gold pieces at shops.

Inventory:

Hand Weapons
 j - the +11 war axe "Cuexil" {vamp, rElec Str+3}
   (You found it on level 5 of the Lair of Beasts)

   Str:       It affects your strength (+3).
   rElec:     It insulates you from electricity.
 y - a +3 dagger of freezing
 C - a +5 short sword of flaming
 E - a +0 dagger of venom
 L - the +9 rapier of Ymaus (weapon) {flame, rElec MP+9 Dex+5}
   (You found it on level 8 of the Dungeon)

   Dex:       It affects your dexterity (+5).
   rElec:     It insulates you from electricity.
   MP:        It affects your magic capacity (+9).
Missiles
 m - 89 stones (quivered)
 F - 12 poisoned darts
 N - a throwing net
Armour
 k - a +0 pair of gloves (worn)
 p - the +0 ring mail "Vietzy" (worn) {rC++ rCorr Dex-2}
   (You found it on level 8 of the Dungeon)

   Dex:       It affects your dexterity (-2).
   rC:        It greatly protects you from cold.
   rCorr:     It protects you from acid and corrosion.
 r - a +0 chain mail
 B - an orb of light
 D - a +0 kite shield (worn)
 T - a +1 cloak (worn)
Jewellery
 b - the ring "Hero's Friend" (right hand) {AC+4 Dex+3}
   (You acquired it on level 3 of the Dungeon)

   [ring of protection]

   AC:        It affects your AC (+4).
   Dex:       It affects your dexterity (+3).
 q - an amulet of reflection (around neck)
 J - an amulet of the acrobat
 K - a ring of poison resistance (left hand)
 Q - an amulet of regeneration
 W - an amulet of faith
Wands
 l - a wand of flame (44)
 o - a wand of quicksilver (8)
 x - a wand of roots (10)
Scrolls
 a - a scroll of brand weapon
 f - 6 scrolls of immolation
 h - a scroll of magic mapping
 i - 2 scrolls of fear
 n - 3 scrolls of noise
 s - a scroll of blinking {unknown}
 v - 2 scrolls of torment {unknown}
 w - 9 scrolls of teleportation
 G - 3 scrolls of vulnerability
 I - a scroll of butterflies {unknown}
 P - 2 scrolls of enchant weapon
 R - a scroll of amnesia {unknown}
 U - a scroll of identify
 X - a scroll of acquirement
 Y - a scroll of fog {unknown}
Potions
 c - 2 potions of mutation
 d - 4 potions of might
 e - 3 potions of degeneration
 g - a potion of heal wounds
 t - a potion of cancellation {unknown}
 u - 6 potions of curing
 z - a potion of brilliance
 A - 6 potions of haste {unknown}
 H - 5 potions of ambrosia
 M - a potion of attraction {unknown}
 O - 3 potions of lignification {unknown}
 V - a potion of resistance
 Z - a potion of flight {unknown}
Miscellaneous
 S - a condenser vane


   Skills:
 + Level 12.6 Fighting
 + Level 11.2 Short Blades
 + Level 12.5 Armour
 + Level 11.0 Dodging
 + Level 12.4 Shields
 + Level 8.6 Invocations


You had 12 spell levels left.
You didn't know any spells.
Your spell library contained the following spells:

 Spells                   Type           Power      Damage    Failure   Level
 Apportation              Tloc           0%         N/A       75%         1
 Foxfire                  Conj/Fire      0%         2x1d4     75%         1
 Necrotise                Necr           0%         1d4       75%         1
 Summon Small Mammal      Summ           0%         N/A       75%         1
 Cigotuvi's Dreadful Rot  Necr/Pois/Air  0%         N/A       87%         2
 Lesser Beckoning         Tloc           0%         N/A       87%         2
 Call Canine Familiar     Summ           0%         N/A       98%         3
 Gell's Gravitas          Tloc           0%         N/A       98%         3
 Ignite Poison            Fire/Tmut/Pois 0%         N/A       98%         3
 Portal Projectile        Hex/Tloc       0%         N/A       98%         3
 Teleport Other           Tloc           0%         N/A       98%         3
 Volatile Blastmotes      Fire/Tloc      0%         2d10      98%         3
 Animate Armour           Summ/Erth      0%         N/A       100%        4
 Fulminant Prism          Conj/Hex       0%         3d5       100%        4
 Iskenderun's Mystic Bla  Conj/Tloc      0%         2d3       100%        4
 Leda's Liquefaction      Hex/Erth       0%         N/A       100%        4
 Olgreb's Toxic Radiance  Pois           0%         N/A       100%        4
 Blade Hands              Tmut           0%         N/A       100%        5
 Fireball                 Conj/Fire      0%         3d3       100%        5
 Freezing Cloud           Conj/Ice/Air   0%         6-21      100%        5
 Lee's Rapid Deconstruct  Erth           0%         3d4*      100%        5
 Dispersal                Tloc           0%         N/A       100%        6
 Iron Shot                Conj/Erth      0%         9d1       100%        6
 Plasma Beam              Fire/Air       0%         2x1d11    100%        6
 Starburst                Conj/Fire      0%         6d3       100%        6
 Discord                  Hex            0%         N/A       100%        8
 Ignition                 Fire           0%         3d3       100%        8


Dungeon Overview and Level Annotations

Branches:
Dungeon (8/15)             Temple (1/1) D:5            Lair (5/5) D:8
 Shoals (0/4) Lair:2       Spider (0/4) Lair:3        Slime (0/5) Lair:4

Altars:
Ashenzari
Cheibriados
Dithmenos
Elyvilon
Fedhas
Gozag
Kikubaaqudgha
Makhleb
Nemelex Xobeh
Okawaru
Qazlal
Sif Muna
Uskayaw
Vehumet
Wu Jian
Xom
Yredelemnul
The Shining One
Lugonu

Shops:
D:2 *   D:3 *   D:8 =

Annotations:
D:8 2 transporters
Lair:5 4 runed translucent doors, LLlMATKO's ghost, journeyman MiBe


Innate Abilities, Weirdness & Mutations

You have a pair of horns on your head.
You reflexively headbutt those who attack you in melee.


Message History

You headbutt the tyrant leech!
The tyrant leech is severely wounded.
The tyrant leech bites you.
The tyrant leech draws strength from your injuries!
You completely miss the tyrant leech.
The tyrant leech is severely wounded.
The tyrant leech completely misses you. The tyrant leech closely misses you.
You furiously retaliate!
You headbutt the tyrant leech! You puncture the tyrant leech!
You burn the tyrant leech. You headbutt the tyrant leech.
The tyrant leech is almost dead.
The tyrant leech bites you!
The tyrant leech draws strength from your injuries!
You block the tyrant leech's attack.
You puncture the tyrant leech! You burn the tyrant leech.
You kill the tyrant leech!
The tyrant leech barely misses you.
Uskayaw prepares the audience for your solo!
The helpless tyrant leech fails to defend itself.
You skewer the tyrant leech like a kebab!!!
You burn the tyrant leech!
You kill the tyrant leech!
The tyrant leech is no longer paralysed.
The tyrant leech bites you!!
* * * LOW HITPOINT WARNING * * *
The tyrant leech draws strength from your injuries!
You see here a tyrant leech corpse.
You barely miss the tyrant leech. You hit the tyrant leech.
You burn the tyrant leech. Your headbutt misses the tyrant leech.
The tyrant leech is lightly wounded.
The tyrant leech bites you!!
* * * LOW HITPOINT WARNING * * *
The tyrant leech draws strength from your injuries!
You feel much better. You block the tyrant leech's attack.
Okay, then.
You stomp with the beat, sending a shockwave through the revellers around you!
The tyrant leech is moderately wounded.
The tyrant leech bites you!!
You die...

# #$$[ #...# #
#$$$ ##..## #
#$.$ ##†.## . #
$D###....# .. #
#+#...### # ..w #
##.).### .#.... #
#..8##.#
###.....# #
###...#####.....#
# ##...#.#@...#
##.....w.###
#.##...###
########


You could see a tyrant leech.

Vanquished Creatures
  Snorg (Lair:5)
  A boulder beetle (Lair:2)
  Urug (Lair:5)
  Nergalle (Lair:3)
  3 skysharks
  Pikel (D:7)
  2 lindwurms (Lair:5)
  The ghost of Vorhees the Skirmisher, a novice GnHu (D:5)
  10 elephants
  2 black mambas (Lair:2)
  4 torpor snails (Lair:5)
  16 cane toads
  Maggie (D:7)
  2 rime drakes (Lair:2)
  19 komodo dragons
  2 tyrant leeches (Lair:5)
  3 polar bears
  Prince Ribbit (D:7)
  5 hornets
  6 dream sheep
  3 blink frogs (Lair:2)
  3 slime creatures (Lair:4)
  A culicivora (Lair:3)
  Sigmund (D:6)
  30 yaks
  Grum (D:8)
  5 wyverns
  5 basilisks
  3 steam dragons
  12 water moccasins
  A swamp drake (D:8)
  Duvessa (D:4)
  3 black bears
  2 orc warriors
  3 ice beasts
  A sky beast (D:8)
  The ghost of KineticRobot the Grasshopper, an amateur AtWr (D:3)
  A centaur (D:5)
  An ogre (D:7)
  A lemure (D:7)
  3 wolves (D:8)
  2 phantoms (D:6)
  3 kobold brigands
  Blork the orc (D:4)
  A scorpion (D:7)
  12 bullfrogs
  13 wights
  Dowan (D:4)
  11 killer bees
  4 howler monkeys
  2 hounds
  3 jellies
  4 orc priests
  A sleepcap (D:5)
  2 gnoll boudas
  Ijyb (D:4)
  Terence (D:2)
  10 iguanas
  4 orc wizards
  5 gnolls (D:8)
  9 adders
  An ufetubus (D:4)
  3 worms
  3 dart slugs
  18 orcs
  7 endoplasms
  4 giant cockroaches
  11 hobgoblins
  3 jackals (D:3)
  3 quokkas
  9 ball pythons
  6 frilled lizards
  9 goblins
  18 kobolds
  8 rats
  A spectral orc (D:6)
358 creatures vanquished.

Vanquished Creatures (others)
  12 fungi
  38 plants
50 creatures vanquished.

Grand Total: 408 creatures vanquished

Notes
Turn   | Place    | Note
-------+----------+-------------------------------------------
     0 | D:1      | Metae the Minotaur Fighter began the quest for the Orb.
     0 | D:1      | Reached XP level 1. HP: 19/19 MP: 0/0
   133 | D:1      | Reached XP level 2. HP: 19/27 MP: 1/1
   479 | D:1      | Reached skill level 1 in Dodging
   642 | D:1      | Reached XP level 3. HP: 33/33 MP: 2/2
  1429 | D:2      | Found Setwov's Assorted Antiques.
  1436 | D:2      | Bought a scroll labelled FALYVV BOMECKIU for 26 gold pieces
  1436 | D:2      | Bought a scroll labelled FALYVV BOMECKIU for 26 gold pieces
  1601 | D:2      | Noticed Terence
  1616 | D:2      | Killed Terence
  1617 | D:2      | Reached XP level 4. HP: 36/40 MP: 3/3
  1698 | D:3      | Found a transporter.
  1712 | D:3      | Found a transporter.
  1714 | D:3      | Noticed KineticRobot's ghost (amateur AtWr)
  1772 | D:3      | Found Evvuzah's Assorted Antiques.
  1782 | D:3      | Bought a scroll labelled ODWEIB ROEWITT for 23 gold pieces
  2379 | D:4      | Noticed Blork the orc
  2382 | D:4      | Noticed an ice beast
  2391 | D:4      | Killed Blork the orc
  2392 | D:4      | Reached XP level 5. HP: 29/47 MP: 4/4
  2392 | D:4      | Killed an ice beast
  2393 | D:4      | Reached XP level 6. HP: 34/55 MP: 5/5
  2663 | D:4      | Reached skill level 5 in Fighting
  2663 | D:4      | Reached skill level 5 in Armour
  2711 | D:4      | Reached skill level 5 in Shields
  2714 | D:4      | Found an opulent altar of Gozag.
  2767 | D:4      | Found a radiant altar of Vehumet.
  2802 | D:4      | Noticed Duvessa
  2802 | D:4      | Noticed Dowan
  3050 | D:3      | Identified a scroll of acquirement
  3051 | D:3      | Acquired the ring "Hero's Friend" {AC+4 Dex+3}
  3073 | D:4      | Killed Duvessa
  3151 | D:4      | Killed Dowan
  3247 | D:4      | Noticed Ijyb
  3260 | D:4      | Killed Ijyb
  3261 | D:4      | Reached XP level 7. HP: 48/61 MP: 6/6
  3574 | D:5      | Entered Level 5 of the Dungeon
  3574 | D:5      | Found a transporter.
  3574 | D:5      | Found a transporter.
  3575 | D:5      | Noticed Vorhees's ghost (novice GnHu)
  3578 | D:5      | Noticed a hornet
  3943 | D:5      | Found a staircase to the Ecumenical Temple.
  3968 | Temple   | Entered the Ecumenical Temple
  4020 | Temple   | Became a worshipper of Uskayaw the Reveller
  4040 | D:5      | Reached * piety under Uskayaw
  4099 | D:5      | Reached ** piety under Uskayaw
  4157 | D:5      | Found a white marble altar of Elyvilon.
  4239 | D:5      | Reached *** piety under Uskayaw
  4666 | D:5      | Reached skill level 5 in Short Blades
  4666 | D:5      | Reached XP level 8. HP: 55/70 MP: 7/7
  4946 | D:3      | Killed KineticRobot's ghost
  4949 | D:3      | Reached **** piety under Uskayaw
  5018 | D:3      | Bought a golden potion for 20 gold pieces
  5018 | D:3      | Bought a scroll of identify for 46 gold pieces
  5162 | D:6      | Found a sparkling altar of Nemelex Xobeh.
  5236 | D:6      | Found a shimmering blue altar of Sif Muna.
  5239 | D:6      | Noticed Sigmund
  5252 | D:6      | Killed Sigmund
  5279 | D:6      | Reached ***** piety under Uskayaw
  5487 | D:6      | Reached skill level 5 in Dodging
  5876 | D:6      | Reached XP level 9. HP: 79/79 MP: 8/8
  5887 | D:6      | Found a basalt altar of Yredelemnul.
  5973 | D:6      | Found a snail-covered altar of Cheibriados.
  6445 | D:7      | Noticed Prince Ribbit
  6453 | D:7      | Killed Prince Ribbit
  6461 | D:7      | Reached skill level 1 in Invocations
  6473 | D:7      | Reached ****** piety under Uskayaw
  6814 | D:7      | Noticed Maggie
  6842 | D:7      | Killed Maggie
  7109 | D:7      | Noticed Pikel
  7142 | D:7      | Killed Pikel
  7143 | D:7      | Reached XP level 10. HP: 75/90 MP: 11/11
  7430 | D:8      | Noticed a red ugly thing
  7430 | D:8      | Noticed a purple ugly thing
  7431 | D:8      | Noticed a green ugly thing
  7432 | D:8      | Found a transporter.
  7460 | D:8      | Identified the +0 ring mail "Vietzy" {rC++ rCorr Dex-2}
  7821 | D:8      | Found a transporter.
  7823 | D:8      | Found a corrupted altar of Lugonu.
  7833 | D:8      | Noticed Grum
  7842 | D:8      | Killed Grum
  8299 | D:8      | Found Ygyanlor's Jewellery Shop.
  8310 | D:8      | Bought a ring of poison resistance for 260 gold pieces
  8346 | D:8      | Identified the +9 rapier of Ymaus {flame, rElec MP+9 Dex+5}
  8679 | D:8      | Found a staircase to the Lair.
  8916 | D:8      | Found an ornate altar of the Wu Jian Council.
  9119 | D:5      | Killed Vorhees's ghost
  9120 | D:5      | Reached XP level 11. HP: 85/97 MP: 13/13
  9373 | Lair:1   | Entered Level 1 of the Lair of Beasts
  9740 | Lair:1   | Reached skill level 5 in Invocations
 10025 | Lair:1   | Reached skill level 10 in Fighting
 10025 | Lair:1   | Reached skill level 10 in Armour
 10533 | Lair:2   | Found a staircase to the Shoals.
 10549 | Lair:2   | Reached skill level 10 in Shields
 10978 | Lair:2   | Noticed a boulder beetle
 10996 | Lair:2   | Killed a boulder beetle
 11471 | Lair:2   | Reached XP level 12. HP: 84/108 MP: 15/15
 11973 | Lair:3   | Found a hole to the Spider Nest.
 12242 | Lair:3   | Noticed Nergalle
 12255 | Lair:3   | Killed Nergalle
 13039 | Lair:4   | Reached skill level 10 in Short Blades
 13321 | Lair:4   | Found a staircase to the Slime Pits.
 13334 | Lair:4   | Reached skill level 10 in Dodging
 13726 | Lair:5   | Entered Level 5 of the Lair of Beasts
 13762 | Lair:4   | Reached XP level 13. HP: 46/117 MP: 17/17
 14391 | Lair:5   | Found a runed translucent gate.
 14391 | Lair:5   | Found a runed translucent gate.
 14391 | Lair:5   | Found a runed translucent gate.
 14442 | Lair:5   | Noticed Urug
 14450 | Lair:5   | Noticed Snorg
 14462 | Lair:5   | Killed Urug
 14470 | Lair:5   | Killed Snorg
 14710 | Lair:5   | Identified the +11 war axe "Cuexil" {vamp, rElec Str+3}
 14714 | Lair:5   | Noticed LLlMATKO's ghost (journeyman MiBe)
 15136 | Lair:5   | Found a runed translucent door.
 15136 | Lair:5   | Noticed a fire dragon
 15196 | Lair:5   | HP: 1/119 [tyrant leech (18)]
 15198 | Lair:5   | Mangled by a tyrant leech

Illustrated notes

Levels and vault maps discovered:
D:1:      elethiomel_arrival_shortcut, layout_loops_corners, serial_park_tiny_1,
          hex_tiny
D:2:      layout_basic, serial_shops, nicolae_shop_overgrown_old_shop,
          uniq_terence
D:3:      layout_basic, gammafunk_ghost_arena, serial_shops, shop
D:4:      layout_loops_ring, mainiacjoe_overflow_surrounded_room,
          marbit_many_paths, kennysheep_generic_room_9, uniq_blork_the_orc,
          uniq_duvessa, uniq_ijyb
D:5:      layout_rooms, mainiacjoe_overflow_tiny_flanked,
          minmay_temple_entry_slanted, gammafunk_ghost_hive,
          uniq_crazy_yiuf_cottage
D:6:      layout_loops_ring, yredelemnul_forgotten_temple_becter,
          nemelex_xobeh_ov_fountains_minmay, mainiacjoe_overflow_brackets,
          lemuel_round_altar, serial_bayou_pond_c, minmay_between, uniq_sigmund
D:7:      layout_loops_ring, uniq_prince_ribbit1, uniq_maggie, uniq_pikel
D:8:      gammafunk_corrupted_shrine, layout_rooms,
          pdpol_wu_jian_five_deadly_venoms, erik_lair_dragon,
          kennysheep_another_room, dreamdust_princess_corridor,
          minmay_shop_grid_forest, uniq_grum
Temple:   zaba_magenta_temple
Lair:1:   beast_lair_carwin_large_4, layout_hall_layers,
          cheibrodos_lair_caveside_slide, infiniplex_staircase_pool_2,
          grunt_megastairs_2
Lair:2:   layout_cellular_growth, shoals_dummy_entry, st_stairs_12,
          infiniplex_staircase_pool
Lair:3:   layout_regular_city, spider_nest_entry_rubble, uniq_nergalle
Lair:4:   layout_roguey, minmay_slime_entry_pillars,
          grunt_forest_small_clearing_treed
Lair:5:   wormcave, layout_hall_layers, gammafunk_ghost_hydra_chop,
          grunt_megastairs_1, uniq_urug, uniq_snorg

Skill      XL: |  1  2  3  4  5  6  7  8  9 10 11 12 13 |
---------------+----------------------------------------+-----
Dodging        | 1 2 3 4 5 6 7 9 10 11 | 11.0
Fighting       | 4 5 6 7 8 9 10 11 12 | 12.6
Armour         | 4 5 6 7 8 9 10 11 12 | 12.5
Shields        | 4 5 6 7 8 9 10 11 12 | 12.4
Short Blades   | 3 4 5 6 7 8 9 10 11 | 11.2
Invocations    | 3 4 6 7 8 |  8.6

Action                     |  1- 3 |  4- 6 |  7- 9 | 10-12 | 13-15 || total
---------------------------+-------+-------+-------+-------+-------++-------
  Melee: Rapier            |   122 |   138 |    71 |   408 |   205 ||   944
         Headbutt          |    15 |    28 |    77 |   138 |    55 ||   313
         Dagger            |       |       |   249 |       |       ||   249
         Short sword       |       |       |    77 |    91 |       ||   168
  Throw: Stone             |       |       |     1 |       |     1 ||     2
 Invoke: Stomp             |       |       |       |     2 |     1 ||     3
  Evoke: Wand              |       |     2 |       |     1 |       ||     3
    Use: Potion            |       |     1 |       |       |     2 ||     3
         Scroll            |       |     4 |     6 |     5 |       ||    15
   Stab: Paralysed         |       |       |    13 |    44 |    10 ||    67
 Armour: Scale mail        |    42 |    49 |       |       |       ||    91
         Chain mail        |       |    16 |   124 |     4 |       ||   144
         Ring mail         |       |       |       |    76 |    49 ||   125
  Dodge: Dodged            |    43 |    64 |    89 |   154 |   105 ||   455
  Block: Buckler           |    27 |    52 |   150 |       |       ||   229
         Reflection        |       |       |     2 |     2 |       ||     4
         Kite shield       |       |       |       |   337 |   180 ||   517
